 Dungeon Crawl Stone Soup version 0.31-a0-217-g58bb5d79cf (webtiles) character file.

Game seed: 13584431370299980342

639 qw the Skirmisher (level 7, -2/44 (59) HPs)
             Began as a Minotaur Hexslinger on July 2, 2023.
             Was an Initiate of Okawaru.
             Slain by Edmund
             ... wielding a +2 flail of draining
              (3 damage)
             ... on level 4 of the Dungeon.
             The game lasted 00:01:59 (4334 turns).

qw the Skirmisher (Minotaur Hexslinger)             Turns: 4334, Time: 00:01:59

HP:   -2/44 (59)    AC:  5    Str: 13    XL:     7   Next: 25%
MP:   7/7           EV: 11    Int: 10    God:    Okawaru [......]
Gold: 186           SH:  5    Dex: 14    Spells: 7/8 levels left

rFire   . . .        Y - +2 sling
rCold   . . .        (no shield)
rNeg    . . .        b - +0 ring mail
rPois   .            (helmet restricted)
rElec   .            (no cloak)
rCorr   .            (no gloves)
SInv    .            (no boots)
Will    .....        f - amulet of reflection
Stlth   +            (no ring)
HPRegen 0.27/turn    (no ring)
MPRegen 0.10/turn

%: reflection
@: about to teleport, very heavily drained
A: horns 2, retaliatory headbutt
a: Renounce Religion


You were on level 4 of the Dungeon.
You worshipped Okawaru.
Okawaru was noncommittal.
You visited 2 branches of the dungeon, and saw 5 of its levels.
You also visited: Sewer.

You collected 186 gold pieces.


Innate Abilities, Weirdness & Mutations

You have a pair of horns on your head.
You reflexively headbutt those who attack you in melee.


   Skills:
 + Level 4.0 Fighting
 - Level 8.1 Ranged Weapons
 - Level 1.0 Armour
 - Level 2.1 Dodging
 - Level 1.0 Spellcasting
 - Level 2.0 Hexes


You had 7 spell levels left.
You knew the following spells:

 Your Spells              Type           Power      Damage    Failure   Level
a - Slow                  Hex            16%        N/A       32%         1

Your spell library contained the following spells:

 Spells                   Type           Power      Damage    Failure   Level
 Inner Flame              Hex/Fire       2%         N/A       82%         3
 Portal Projectile        Hex/Tloc       4%         N/A       82%         3
 Cause Fear               Hex            2%         N/A       97%         4

Inventory:

Hand Weapons
 Y - a +2 sling (weapon)
Armour
 b - a +0 ring mail (worn)
Jewellery
 f - an amulet of reflection (around neck)
Scrolls
 a - 2 scrolls of teleportation
Potions
 c - a potion of attraction {unknown}
 d - 2 potions of haste
 h - 4 potions of might {unknown}
 i - a potion of berserk rage {unknown}
 j - a potion of heal wounds {unknown}
 k - a potion of brilliance {unknown}
 o - a potion of degeneration {unknown}

Dungeon Overview and Level Annotations

Branches:
Dungeon (4/15)             Temple (1/1) D:4           Sewer (visited)

Altars:
Cheibriados
Dithmenos
Elyvilon
Gozag
Hepliaklqana
Kikubaaqudgha
Makhleb
Nemelex Xobeh
Okawaru
Qazlal
Ru
Sif Muna
Trog
Uskayaw
Vehumet
Wu Jian
Xom
Zin
The Shining One

Shops:
D:1 !

Annotations:
D:4 Edmund


Message History

You shoot a sling bullet.
The sling bullet hits Edmund but does no damage.
Edmund hits you with a +2 flail of draining.
You feel drained.
You shoot a sling bullet. The sling bullet closely misses Edmund.
Edmund hits you with a +2 flail of draining.
You feel drained.
You shoot a sling bullet. The sling bullet closely misses Edmund.
Edmund hits you with a +2 flail of draining.
You feel drained.
You shoot a sling bullet. The sling bullet hits Edmund.
Edmund is lightly wounded.
Edmund completely misses you. You furiously retaliate!
You headbutt Edmund! You shoot a sling bullet.
The sling bullet barely misses Edmund.
Edmund hits you with a +2 flail of draining.
You feel drained.
You shoot a sling bullet.
The sling bullet hits Edmund but does no damage.
Edmund is moderately wounded.
Edmund hits you with a +2 flail of draining!
You feel drained.
Edmund hits you with a +2 flail of draining.
You feel drained.
You shoot a sling bullet. The sling bullet barely misses Edmund.
You block Edmund's attack.
You shoot a sling bullet. The sling bullet closely misses Edmund.
Edmund hits you with a +2 flail of draining!
You feel drained.
4333 ||| READING 3 scrolls of teleportation.
As you read the scroll of teleportation, it crumbles to dust.
You feel strangely unstable.
Edmund hits you with a +2 flail of draining.
You feel drained.
You shoot a sling bullet.
The sling bullet hits Edmund but does no damage.
Edmund is moderately wounded.
Edmund says, "People will remember me!
They'll remember me and die!"
Edmund hits you with a +2 flail of draining.
You feel drained.
You die...

............#.#.# #.....
..............#.###
#.#...
......####......... .#.#
............##..#####.#.
......#.###%............
........................
........................
.#......................
.#....%.........@.......
.#....###########@......
.###### ....%.. .....#
....... ###### .......
#######


You could see Edmund.

Vanquished Creatures
  A black bear (D:4)
  2 scorpions (D:4)
  A hound (D:3)
  Terence (D:3)
  Natasha (twice) (D:4)
  Robin (D:4)
  4 gnolls
  5 adders
  10 river rats
  6 worms
  3 dart slugs (D:1)
  3 orcs (D:3)
  10 ball pythons
  5 endoplasms
  4 giant cockroaches
  11 goblins
  6 hobgoblins
  17 kobolds
  4 quokkas
  10 bats
  7 frilled lizards
  29 rats
142 creatures vanquished.

Notes
Turn   | Place    | Note
-------+----------+-------------------------------------------
     0 | D:1      | qw the Minotaur Hexslinger began the quest for the Orb.
     0 | D:1      | Reached XP level 1. HP: 16/16 MP: 1/1
     0 | D:1      | 0 ||| qw: Version: 0.3-a-40-ge99b1a8
     0 | D:1      | 0 ||| qw: Game counter: 59
     0 | D:1      | 0 ||| qw: Melee chars always use a shield: true
     0 | D:1      | 0 ||| qw: God list: Okawaru
     0 | D:1      | 0 ||| qw: Allow faded altars: false
     0 | D:1      | 0 ||| qw: Do Orc after clearing Dungeon:15 true
     0 | D:1      | 0 ||| qw: Do second Lair branch before Depths: true
     0 | D:1      | 0 ||| qw: Lair rune preference: random
     0 | D:1      | 0 ||| qw: Goals: Normal
     0 | D:1      | 0 ||| PLANNING D:1-11
   185 | D:1      | Reached skill level 3 in Ranged Weapons
   185 | D:1      | Reached XP level 2. HP: 23/23 MP: 2/2
   249 | D:1      | Found Cegaypt's Distillery.
   265 | D:1      | 265 ||| SHOPLISTING potion of haste (100 gold, have 18).
   265 | D:1      | 265 ||| SHOPLISTING potion of heal wounds (50 gold, have
                  | 18).
   265 | D:1      | 265 ||| SHOPLISTING potion of mutation (80 gold, have 18).
   411 | D:1      | Reached XP level 3. HP: 29/29 MP: 3/3
   705 | D:1      | You fall into a shaft and drop 1 floor!
   723 | D:2      | Identified the +3 spear of Death's Door {freeze, Contam Fly
                  | rElec rPois}
   790 | D:2      | Reached skill level 4 in Ranged Weapons
   885 | D:2      | 885 ||| UPGRADING to +0 leather armour.
   895 | D:2      | 895 ||| DROPPING +0 robe.
   896 | D:2      | 896 ||| UPGRADING to amulet of reflection.
   901 | D:2      | 901 ||| DROPPING amulet of magic regeneration.
   902 | D:2      | 902 ||| READING 4 scrolls labelled LAOZXA RAPHATO.
   907 | D:2      | 907 ||| READING 3 scrolls labelled PAZIUM TINITU.
   908 | D:2      | 908 ||| READING 2 scrolls labelled QACWOA HOICWEU.
   908 | D:2      | Found a faded altar of an unknown god.
   909 | D:2      | 909 ||| READING scroll labelled BALOSO KOIX.
   960 | D:2      | 960 ||| READING scroll labelled MOPIMIA RALODA.
   961 | D:2      | 961 ||| READING 2 scrolls labelled GOWIAM MOUVU.
   962 | D:2      | 962 ||| READING scroll labelled PUAPUNW OCVA.
   963 | D:2      | 963 ||| FLEEEEING.
   964 | D:2      | 964 ||| FLEEEEING.
   965 | D:2      | 965 ||| FLEEEEING.
   966 | D:2      | 966 ||| FLEEEEING.
   967 | D:2      | 967 ||| FLEEEEING.
   968 | D:2      | 968 ||| FLEEEEING.
   969 | D:2      | 969 ||| FLEEEEING.
   970 | D:2      | 970 ||| FLEEEEING.
   971 | D:2      | 971 ||| FLEEEEING.
   975 | D:2      | 975 ||| FLEEEEING.
   979 | D:2      | 979 ||| FLEEEEING.
   980 | D:2      | 980 ||| FLEEEEING.
   981 | D:2      | 981 ||| FLEEEEING.
   982 | D:2      | 982 ||| FLEEEEING.
   983 | D:2      | 983 ||| FLEEEEING.
   985 | D:2      | 985 ||| FLEEEEING.
   986 | D:2      | 986 ||| STAIRDANCE
  1218 | D:1      | 1218 ||| READING scroll labelled XUZXUFRIHI.
  1219 | D:1      | 1219 ||| DRINKING 2 sapphire potions.
  1220 | D:1      | 1220 ||| DROPPING scroll of poison.
  1221 | D:1      | 1221 ||| DROPPING 2 scrolls of amnesia.
  1222 | D:1      | 1222 ||| DROPPING scroll of revelation.
  1223 | D:1      | 1223 ||| DROPPING scroll of noise.
  1467 | D:3      | 1467 ||| PLANNING SEWER
  1526 | D:3      | Noticed Terence
  1532 | D:3      | Killed Terence
  1533 | D:3      | Reached XP level 4. HP: 33/36 MP: 4/4
  1654 | D:3      | 1654 ||| Stepping ~*~*~tactically~*~*~ (water).
  1658 | D:3      | Reached skill level 5 in Ranged Weapons
  1721 | D:3      | 1721 ||| FLEEEEING.
  1722 | D:3      | 1722 ||| FLEEEEING.
  1723 | D:3      | 1723 ||| FLEEEEING.
  1724 | D:3      | 1724 ||| FLEEEEING.
  1734 | D:3      | Reached skill level 3 in Fighting
  1734 | D:3      | Reached XP level 5. HP: 44/45 MP: 5/5
  2076 | D:3      | Found a glowing drain.
  2077 | D:3      | 2077 ||| UPGRADING to +0 ring mail.
  2087 | D:3      | 2087 ||| DROPPING +0 leather armour.
  2088 | D:3      | 2088 ||| READING scroll labelled WOATAEC LOOLA.
  2089 | D:3      | 2089 ||| DRINKING 2 fuming emerald potions.
  2118 | D:3      | 2118 ||| DROPPING potion of lignification.
  2124 | Sewer    | Entered a sewer
  2165 | Sewer    | Reached skill level 1 in Armour
  2282 | Sewer    | 2282 ||| Stepping ~*~*~tactically~*~*~ (water).
  2334 | Sewer    | Reached skill level 6 in Ranged Weapons
  2526 | Sewer    | Reached XP level 6. HP: 51/51 MP: 6/6
  2580 | Sewer    | 2580 ||| Stepping ~*~*~tactically~*~*~ (outnumbered).
  2755 | Sewer    | 2755 ||| READING scroll labelled CUQURI ARA ZARGH.
  2756 | Sewer    | 2756 ||| DRINKING 2 dark potions.
  2782 | D:3      | 2782 ||| PLANNING D:1-11
  2932 | D:4      | HP: 11/52 [scorpion (4)]
  2933 | D:4      | 2933 ||| READING 4 scrolls of teleportation.
  2934 | D:4      | HP: 5/52 [poisoned by a scorpion]
  2935 | D:4      | HP: 2/52 [poisoned by a scorpion]
  2936 | D:4      | 2936 ||| DRINKING potion of curing.
  2936 | D:4      | 2936 ||| (to cure poison)
  3201 | D:4      | Reached skill level 7 in Ranged Weapons
  3230 | D:4      | Reached XP level 7. HP: 19/59 MP: 7/7
  3495 | D:4      | Identified the +0 helmet of Kawefame {rPois rF- Slay+6}
  3495 | D:4      | Noticed Robin
  3516 | D:4      | Killed Robin
  3758 | D:4      | Found a staircase to the Ecumenical Temple.
  3759 | D:4      | 3759 ||| PLANNING TEMPLE
  3765 | Temple   | Entered the Ecumenical Temple
  3766 | Temple   | 3766 ||| PLANNING OKAWARU WORSHIP
  4138 | Temple   | Became a worshipper of Warmaster Okawaru
  4139 | Temple   | 4139 ||| PLANNING D:1-11
  4202 | D:4      | Noticed Natasha
  4210 | D:4      | Killed Natasha
  4297 | D:4      | Noticed Natasha
  4304 | D:4      | Killed Natasha
  4305 | D:4      | Reached skill level 8 in Ranged Weapons
  4323 | D:4      | Noticed Edmund
  4332 | D:4      | HP: 12/48 [Edmund/+2 flail of draining (2)]
  4333 | D:4      | 4333 ||| READING 3 scrolls of teleportation.
  4334 | D:4      | HP: 1/46 [Edmund/+2 flail of draining (6)]
  4334 | D:4      | Slain by Edmund

Levels and vault maps discovered:
D:1:      mushboom_english_gardens, layout_basic, serial_shops,
          nicolae_shop_advertising_works [nicolae_subvault_shop_adworks]
D:2:      layout_rooms, hellmonk_ecumenical_altar_heavens_door
D:3:      layout_loops_ring, gup_sewer_entry_bubbles, uniq_terence
D:4:      layout_basic, temple_green, minmay_liquid_box, uniq_natasha,
          uniq_robin, uniq_edmund
Temple:   compressed_dpeg_triangle_lava_temple

Skill      XL: |  1  2  3  4  5  6  7 |
---------------+----------------------+-----
Ranged Weapons | 3 4 5 6 7 8 |  8.1
Fighting       | 2 3 4 |  4.0
Armour         | 1 |  1.0
Dodging        | |  2.1
Spellcasting   | |  1.0
Hexes          | |  2.0

Action                     |  1- 3 |  4- 6 |  7- 9 || total
---------------------------+-------+-------+-------++-------
   Fire: Sling             |   120 |   284 |    75 ||   479
    Use: Scroll            |     8 |     3 |     1 ||    12
         Potion            |     1 |     3 |       ||     4
 Armour: Robe              |     7 |       |       ||     7
         Leather armour    |     1 |     1 |       ||     2
         Ring mail         |       |    31 |    10 ||    41
  Dodge: Dodged            |    38 |    89 |    19 ||   146
  Block: Other             |       |    35 |    14 ||    49
         Reflection        |       |     1 |       ||     1

Table legend:
 A = Non-vault XP
 B = Vault XP
 C = Vault XP percentage of total XP
 D = Non-vault monster count
 E = Vault monster count
 F = Vault count percentage of total count
                 A         B        C        D         E       F
            +---------+---------+-------+---------+---------+-------
      Total |     574 |     339 |  37.1 |      71 |      71 |  50.0
            +---------+---------+-------+---------+---------+-------
        D:1 |      56 |       0 |   0.0 |      24 |       0 |   0.0
        D:2 |      18 |       0 |   0.0 |      13 |       0 |   0.0
        D:3 |      76 |      63 |  45.3 |      17 |       7 |  29.2
        D:4 |     424 |      68 |  13.8 |      17 |      12 |  41.4
      Sewer |       0 |     208 | 100.0 |       0 |      52 | 100.0
            +---------+---------+-------+---------+---------+-------
